 Dungeon Crawl Stone Soup version 0.22-a0-448-g1fb7470 (webtiles) character file.

13 Mgcat the Caller (level 2, -1/15 HPs)
             Began as a Kobold Summoner on June 4, 2018.
             Slain by a hobgoblin
             ... wielding a +0 club
              (2 damage)
             ... on level 3 of the Dungeon.
             The game lasted 00:01:54 (880 turns).

Mgcat the Caller (Kobold Summoner)                   Turns: 880, Time: 00:01:55

Health: -1/15      AC:  2    Str:  5    XL:     2   Next: 50%
Magic:  5/5        EV: 15    Int: 16    God:
Gold:   101        SH:  0    Dex: 15    Spells: 3/6 levels left

rFire    . . .     SeeInvis .   f - +0 mace
rCold    . . .     Gourm    .   (shield restricted)
rNeg     . . .     Faith    .   a - +0 robe
rPois    .         Spirit   .   (no helmet)
rElec    .         Reflect  .   (no cloak)
rCorr    .         Harm     .   (no gloves)
MR       .....                  (no boots)
Stlth    ++........             (no amulet)
HPRegen  0.05/turn              (no ring)
MPRegen  0.09/turn              (no ring)

@: no status effects
A: small, carnivore
a: no special abilities


You were on level 3 of the Dungeon.
You were full.

You visited 1 branch of the dungeon, and saw 3 of its levels.

You collected 101 gold pieces.

Inventory:

Hand Weapons
 f - a +0 mace (weapon)
   (You found it on level 2 of the Dungeon)
Armour
 a - a +0 robe (worn)
Wands
 i - a wand of flame (30)
   (You found it on level 2 of the Dungeon)
Scrolls
 e - a scroll of identify {unknown}
 g - a scroll of enchant armour {unknown}
 h - a scroll of remove curse {unknown}
Potions
 b - a potion of curing {unknown}
 d - a potion of lignification {unknown}
Comestibles
 c - 2 rations


   Skills:
 - Level 2.4 Dodging
 - Level 2.6 Stealth
 + Level 2.7 Spellcasting
 + Level 4.3 Summonings


You had 3 spell levels left.
You knew the following spells:

 Your Spells              Type           Power        Failure   Level  Hunger
a - Summon Small Mammal   Summ           ###.         3%          1    #......
b - Call Imp              Summ           ###.....     4%          2    ##.....

Your spell library contained the following spells:

 Spells                   Type           Power        Failure   Level  Hunger
 Summon Ice Beast         Ice/Summ       #.......     63%         4    #####..
 Call Canine Familiar     Summ           ###.....     10%         3    ###....
 Summon Lightning Spire   Summ/Air       #.......     63%         4    #####..
 Summon Guardian Golem    Hex/Summ       #.......     24%         3    ###....


Dungeon Overview and Level Annotations

Branches:
Dungeon (3/15)

Altars:


Innate Abilities, Weirdness & Mutations

You are small and have problems with some larger weapons.
You are carnivorous and can eat meat at any time.


Message History

Casting: Call Imp (safe; 4% risk of failure)
Confirm with . or Enter, or press ? or * to list all spells.
Your crimson imp blinks!
You swap places.
The kobold hits your quokka with a club.
Your quokka bites the kobold.
The kobold dies!
Your crimson imp blinks!
Your crimson imp disappears in a puff of smoke!
You swap places.
Things that are here:
a club; a kobold corpse Your quokka disappears in a puff of smoke!
You see here 18 arrows.
A bat comes into view.
Casting: Summon Small Mammal (safe; 3% risk of failure)
Confirm with . or Enter, or press ? or * to list all spells.
A beastly little devil appears in a puff of frigid air.
The bat hits you. The bat misses you. The bat barely misses you.
Your white imp gestures at the bat.
The puff of frost hits the bat.
The bat dies!
You open the door.
There is an open door here.
You open the door.
There is an open door here.
Found an escape hatch in the ceiling.
There is an escape hatch in the ceiling here.
You now have 101 gold pieces (gained 7).
Your white imp disappears in a puff of smoke!
Done exploring.
Done exploring.
Done exploring.
Done exploring.
Done exploring.
Done exploring.
(D) Dungeon
Where to? (? - help)
What level of the Dungeon? (default 1, ? - help)
You enter the shallow water.
Moving in this stuff is going to be slow.
There is a stone staircase leading down here.
You climb downwards.
There is a stone staircase leading up here.
A hobgoblin comes into view. It is wielding a club.
You see here a ration.
The helpless hobgoblin fails to defend itself.
You hit the hobgoblin but do no damage. The hobgoblin barely misses you.
You barely miss the hobgoblin. The hobgoblin barely misses you.
You closely miss the hobgoblin. The hobgoblin closely misses you.
You closely miss the hobgoblin. The hobgoblin closely misses you. x2
You hit the hobgoblin but do no damage. The hobgoblin closely misses you.
You barely miss the hobgoblin. The hobgoblin barely misses you.
Casting: Call Imp (safe; 4% risk of failure)
Confirm with . or Enter, or press ? or * to list all spells.
A beastly little devil appears in a puff of flame.
Your crimson imp says, "You called?"
The hobgoblin closely misses you. The hobgoblin hits you with a club.
You swap places.
The hobgoblin misses your crimson imp.
Your crimson imp barely misses the hobgoblin.
The hobgoblin hits your crimson imp with a club.
Your crimson imp hits the hobgoblin.
The hobgoblin completely misses your crimson imp.
Your crimson imp hits the hobgoblin but does no damage.
The hobgoblin closely misses your crimson imp.
Your crimson imp hits the hobgoblin.
Your crimson imp blinks!
The hobgoblin hits you but does no damage.
You strike the helpless hobgoblin from behind!
You hit the hobgoblin.
The hobgoblin is almost dead.
You barely miss the hobgoblin.
The hobgoblin is almost dead.
The hobgoblin hits you with a club.
You closely miss the hobgoblin.
The hobgoblin is almost dead.
The hobgoblin hits you with a club. x2
You hit the hobgoblin.
You kill the hobgoblin!
Your crimson imp blinks!
c - 2 rations (gained 1)
Things that are here:
a club; a hobgoblin corpse A hobgoblin comes into view.
It is wielding a club.
A hobgoblin is nearby!
A hobgoblin is nearby!
You barely miss the hobgoblin. The hobgoblin hits you with a club.
Your crimson imp hits the hobgoblin but does no damage.
You hit the hobgoblin.
The hobgoblin is moderately wounded.
The hobgoblin barely misses you.
Your crimson imp blinks!
The hobgoblin hits you with a club.
* * * LOW HITPOINT WARNING * * *
You hit the hobgoblin.
The hobgoblin is heavily wounded.
The hobgoblin hits you with a club.
You die...

###.# ##....
#.... # #..#
###.######..#####
...........g....#
#....<..ยง@..#
####...#..#.#
#......# #
#...#5## ##.##)#
#.##.# #.##.#
...#.# ## ...


You could see a hobgoblin and a friendly crimson imp.

Vanquished Creatures
  2 bats (D:2)
  A hobgoblin (D:3)
3 creatures vanquished.

Vanquished Creatures (collateral kills)
  An adder (D:2)
  A leopard gecko (D:2)
  A goblin (D:2)
  A quokka (D:2)
  A bat (D:2)
  A kobold (D:2)
6 creatures vanquished.

Grand Total: 9 creatures vanquished

Notes
Turn   | Place    | Note
-------+----------+-------------------------------------------
     0 | D:1      | Mgcat the Kobold Summoner began the quest for the Orb.
     0 | D:1      | Reached XP level 1. HP: 10/10 MP: 3/3
     8 | D:1      | You fall through a shaft!
    32 | D:2      | HP: 2/10 [adder (4)]
   230 | D:2      | Reached XP level 2. HP: 13/15 MP: 1/5
   234 | D:2      | Learned a level 2 spell: Call Imp
   518 | D:2      | Found a faded altar of an unknown god.
   879 | D:3      | HP: 1/15 [hobgoblin/club (5)]
   880 | D:3      | Slain by a hobgoblin

Vault maps used:
D:1:      dpeg_arrival_solitude
D:2:      chequers_ecumenical_altar_island
D:3:      nicolae_ru_great_annihilating_truth

Action                   || total
-------------------------++-------
Melee: Unarmed           ||     4
       Mace              ||    17
 Cast: Summon Small Mamm ||     9
       Call Imp          ||     5
 Stab: Distracted        ||     1
       Sleeping          ||     1
  Eat: Chunk             ||     5
Armor: Robe              ||     1
Dodge: Dodged            ||    23

Table legend:
 A = Spawn XP
 B = Non-spawn XP
 C = Spawn XP percentage of total XP
 D = Spawn monster count
 E = Non-spawn monster count
 F = Spawn count percentage of total count
 G = Total turns spent on level
                    A         B        C        D         E        F      G
               +---------+---------+-------+---------+---------+-------+---------
         Total |       0 |      19 |   0.0 |       0 |       9 |   0.0 |   880
               +---------+---------+-------+---------+---------+-------+---------
           D:2 |       0 |      17 |   0.0 |       0 |       8 |   0.0 |   840
           D:3 |       0 |       2 |   0.0 |       0 |       1 |   0.0 |    32
               +---------+---------+-------+---------+---------+-------+---------

Vault maps used:
D:1:      dpeg_arrival_solitude
D:2:      chequers_ecumenical_altar_island
D:3:      nicolae_ru_great_annihilating_truth

Table legend:
 A = Turns spent in this place as a percentage of turns spent in the entire game.
 B = Non-inter-level travel turns spent in this place as a percentage of non-inter-level travel turns spent in the entire game.
 C = Inter-level travel turns spent in this place as a percentage of turns spent in this place.
 D = Turns resting spent in this place as a percentage of non-inter-level travel turns spent in this place.
 E = Turns spent auto-exploring this place as a percentage of non-inter-level travel turns spent in this place.
 F = Non-inter-level travel turns spent in this place divided by the number of levels of this place that you've seen.
                   A       B       C       D       E      F
               +-------+-------+-------+-------+-------+----------------------
         Total | 100.0 | 100.0 |   2.8 |   0.0 |  84.4 | 285.0
       Dungeon | 100.0 | 100.0 |   2.8 |   0.0 |  84.4 | 285.0
               +-------+-------+-------+-------+-------+----------------------

Table legend:
 A = Kills in this place as a percentage of kills in entire the game.
 B = Kills by you in this place as a percentage of kills by you in the entire game.
 C = Kills by friends in this place as a percentage of kills by friends in the entire game.
 D = Other kills in this place as a percentage of other kills in the entire game.
 E = Experience gained in this place as a percentage of experience gained in the entire game.
 F = Experience gained in this place divided by the number of levels of this place that you have seen.
                   A       B       C       D       E      F
               +-------+-------+-------+-------+-------+----------------------
         Total | 100.0 | 100.0 | 100.0 |   N/A | 100.0 |   6.3
       Dungeon | 100.0 | 100.0 | 100.0 |   N/A | 100.0 |   6.3
               +-------+-------+-------+-------+-------+----------------------
